 Dungeon Crawl Stone Soup version 0.28-a0-1412-gf95308ed99 (webtiles) character file.

Game seed: 6046149349295164704

1173 Hasart the Caller (level 8, -7/48 HPs)
             Began as a Kobold Summoner on Jan 6, 2022.
             Killed from afar by Blork the orc (10 damage)
             ... with a puff of frost
             ... on level 5 of the Dungeon.
             The game lasted 00:23:20 (8521 turns).

Hasart the Caller (Kobold Summoner)                 Turns: 8521, Time: 00:23:21

Health: -7/48      AC:  5    Str:  5    XL:     8   Next: 68%
Magic:  1/14       EV: 15    Int: 18    God:
Gold:   211        SH:  0    Dex: 16    Spells: 9/15 levels left

rFire   . . .      SeeInvis .   q - +3 dagger (venom)
rCold   . . .      Faith    .   (no shield)
rNeg    + . .      Spirit   .   v - +0 leather armour {rN+}
rPois   .          Reflect  .   t - +0 helmet
rElec   .          Harm     .   f - +0 cloak
rCorr   .          Rampage  .   (no gloves)
Will    .....                   (no boots)
Stlth   ++++......              (no amulet)
HPRegen 0.16/turn               (no ring)
MPRegen 0.14/turn               (no ring)

@: no status effects
A: small, no large weapons, nightstalker 3
a: no special abilities


You were on level 5 of the Dungeon.
You visited 1 branch of the dungeon, and saw 5 of its levels.

You collected 211 gold pieces.

Inventory:

Hand Weapons
 b - a +0 mace
 d - a +0 dagger
 q - a +3 dagger of venom (weapon)
 u - a +2 dagger of holy wrath
 y - a +0 whip of electrocution
 z - a +0 club
Armour
 a - a +0 robe
 f - a +0 cloak (worn)
 t - a +0 helmet (worn)
 v - a +0 leather armour of positive energy (worn)
Magical Staves
 g - a staff of cold
Wands
 o - a wand of iceblast (13)
 r - a wand of polymorph (4)
Scrolls
 c - 2 scrolls of noise {unknown}
 h - a scroll of enchant weapon {unknown}
 i - 2 scrolls of teleportation {unknown}
 j - a scroll of fear {unknown}
 k - 2 scrolls of fog {unknown}
 m - 3 scrolls of enchant armour {unknown}
 n - 6 scrolls of identify {unknown}
 x - 2 scrolls of magic mapping {unknown}
Potions
 e - 3 potions of curing {unknown}
 l - 2 potions of flight {unknown}
 p - 2 potions of degeneration {unknown}
 s - 2 potions of heal wounds {unknown}
 w - a potion of ambrosia {unknown}


   Skills:
 + Level 3.8 Fighting
 + Level 4.9 Dodging
 + Level 5.9 Stealth
 + Level 4.1 Spellcasting
 * Level 6.6 Summonings
 + Level 4.0 Evocations


You had 9 spell levels left.
You knew the following spells:

 Your Spells              Type           Power      Damage    Failure   Level
a - Call Imp              Summ           27%        N/A       2%          2
b - Summon Small Mammal   Summ           100%       N/A       1%          1
c - Call Canine Familiar  Summ           27%        N/A       4%          3

Your spell library contained the following spells:

 Spells                   Type           Power      Damage    Failure   Level
 Summon Guardian Golem    Hex/Summ       15%        N/A       19%         3
 Animate Skeleton         Necr           6%         N/A       24%         1
 Pain                     Necr           12%        1d4       24%         1
 Summon Lightning Spire   Summ/Air       15%        N/A       52%         4
 Dazzling Flash           Conj/Hex       6%         N/A       58%         3
 Inner Flame              Hex/Fire       3%         N/A       58%         3
 Ozocubu's Armour         Ice            3%         N/A       58%         3
 Vampiric Draining        Necr           3%         2d6       58%         3
 Cause Fear               Hex            1%         N/A       94%         4
 Leda's Liquefaction      Hex/Erth       1%         N/A       94%         4
 Agony                    Necr           3%         N/A       100%        5
 Lee's Rapid Deconstruct  Erth           1%         3d5*      100%        5
 Metabolic Englaciation   Hex/Ice        1%         N/A       100%        5
 Silence                  Hex/Air        1%         N/A       100%        5
 Simulacrum               Ice/Necr       1%         N/A       100%        6
 Statue Form              Tmut/Erth      2%         N/A       100%        6
 Discord                  Hex            1%         N/A       100%        8


Dungeon Overview and Level Annotations

Branches:
Dungeon (5/15)
 Temple: D:4-7

Altars:
Makhleb
Nemelex Xobeh
The Shining One

Annotations:
D:5 Blork the orc


Innate Abilities, Weirdness & Mutations

You are small and have problems with some larger weapons.
You are completely attuned to the shadows.


Message History

Blork the orc begins to cast a cantrip, but forgets the words!
Your hound closely misses the orc.
The orc hits your hound with a +0 trident.
Blork the orc closely misses your hound.
Your hound bites the orc.
The orc dies!
Unknown command.
Blork the orc casts a spell at your hound.
The puff of flame hits your hound!
Your hound bites Blork the orc but does no damage.
Unknown command.
Blork the orc barely misses your hound.
Your hound bites Blork the orc but does no damage.
Blork the orc hits your hound with a +2 glaive of protection!
Your hound dies!
Your hound's corpse disappears in a puff of smoke!
Blork the orc shouts!
Casting: Call Canine Familiar (dangerous; 4% risk of failure)
Confirm with . or Enter, or press ? or * to list all spells.
Blork the orc hits you from afar with a +2 glaive of protection!
* * * LOW HITPOINT WARNING * * *
Unknown command.
Blork the orc barely misses you.
Your hound bites Blork the orc.
Blork the orc closely misses you.
Your hound bites Blork the orc but does no damage.
Blork the orc gestures at your hound while chanting.
The magic dart hits your hound!
Your hound misses Blork the orc. You hit Blork the orc but do no damage.
Blork the orc is severely wounded.
Blork the orc looks angry.
Blork the orc casts a spell at you. The magic dart hits you!
* * * LOW HITPOINT WARNING * * *
Your hound barely misses Blork the orc.
Blork the orc barely misses you.
You barely miss Blork the orc.
Blork the orc is severely wounded.
Your hound completely misses Blork the orc.
Blork the orc points at you and mumbles some strange words.
The puff of frost hits you!
You die...

#.............#
#.............#
#.............#
#.............#
#.......))....#
########...###)######
#..........##.......#
#.....#.....).......#
#..h@.'.............#
#..)o.#.............#
#.....#.............#
#.....#######..<....
#######...........#.......
##.....#...........#.......
#......#..)........#+######
#......#...........#
#......'...ยง.......#


You could see Blork the orc (fast, ally target) and a friendly hound (summoned).

Vanquished Creatures
  A water moccasin (D:4)
  A phantom (D:5)
  A kobold brigand (D:4)
  2 howler monkeys (D:4)
  A hound (D:4)
  An orc priest (D:4)
  A gnoll shaman (D:4)
  A bullfrog skeleton (D:2)
  3 iguanas
  Ijyb (D:3)
  A hound skeleton (D:4)
  12 gnolls
  An adder (D:4)
  A shadow imp (D:3)
  An adder skeleton (D:4)
  A worm (D:3)
  5 dart slugs
  19 orcs
  9 ball pythons
  8 endoplasms
  3 giant cockroaches
  4 goblins
  3 hobgoblins (D:1)
  11 jackals (D:4)
  2 quokkas
  5 bats
  2 frilled lizards
  6 kobolds
  6 rats
113 creatures vanquished.

Vanquished Creatures (collateral kills)
  An ice beast (D:5)
  A centaur skeleton (D:4)
  Terence (D:1)
  An orc wizard (D:5)
  14 gnolls
  A worm (D:2)
  10 orcs
  A bat (D:2)
  An endoplasm (D:1)
  A hobgoblin (D:2)
  A kobold (D:2)
  A quokka (D:2)
  2 ball pythons
36 creatures vanquished.

Vanquished Creatures (others)
  An orc (D:5)
  2 plants (D:4)
3 creatures vanquished.

Grand Total: 152 creatures vanquished

Notes
Turn   | Place    | Note
-------+----------+-------------------------------------------
     0 | D:1      | Hasart the Kobold Summoner began the quest for the Orb.
     0 | D:1      | Reached XP level 1. HP: 10/10 MP: 3/3
   117 | D:1      | Reached XP level 2. HP: 12/16 MP: 5/5
   199 | D:1      | Learned a level 2 spell: Call Imp
   912 | D:1      | Reached skill level 1 in Fighting
  1094 | D:1      | Reached XP level 3. HP: 15/20 MP: 6/6
  1182 | D:1      | Found a faded altar of an unknown god.
  1520 | D:2      | Noticed Terence
  1703 | D:1      | Killed Terence
  1704 | D:1      | Reached XP level 4. HP: 13/25 MP: 0/7
  1957 | D:2      | Found a burning altar of Makhleb.
  3184 | D:2      | Reached skill level 1 in Evocations
  3184 | D:2      | Reached XP level 5. HP: 10/30 MP: 5/9
  3788 | D:3      | Found a glowing golden altar of the Shining One.
  3847 | D:3      | Found a sparkling altar of Nemelex Xobeh.
  4050 | D:3      | Noticed Ijyb
  4104 | D:3      | Killed Ijyb
  4980 | D:4      | Reached skill level 5 in Summonings
  4980 | D:4      | Reached XP level 6. HP: 17/35 MP: 8/10
  6123 | D:4      | Reached XP level 7. HP: 33/40 MP: 11/11
  6477 | D:4      | Learned a level 3 spell: Call Canine Familiar
  6904 | D:4      | Reached skill level 5 in Stealth
  7234 | D:4      | Reached skill level 6 in Summonings
  7350 | D:4      | Noticed a water moccasin
  7359 | D:4      | Killed a water moccasin
  7360 | D:4      | Reached XP level 8. HP: 30/46 MP: 13/13
  8019 | D:5      | Entered Level 5 of the Dungeon
  8473 | D:5      | Noticed Blork the orc
  8521 | D:5      | Killed from afar by Blork the orc

Illustrated notes

Levels and vault maps discovered:
D:1:      dpeg_arrival_round_a, layout_rooms,
          hellmonk_ecumenical_altar_arch_garden, serial_curves, eino_curves_02,
          eino_curves_02, eino_curves_01, serial_park_tiny_2,
          minmay_pentomino_s4
D:2:      layout_loops_cross, basic_altar, minmay_close_crescents, uniq_terence
D:3:      layout_loops_corners, mainiacjoe_overflow_paths,
          mainiacjoe_overflow_alcove_1, kennysheep_boxes, uniq_ijyb
D:4:      lemuel_castle_with_subvaults [lemuel_castle_interior_original],
          layout_loops_ring, minivault_25
D:5:      layout_gridville, grunt_dithmenos_shadows, uniq_blork_the_orc

Skill      XL: |  1  2  3  4  5  6  7  8 |
---------------+-------------------------+-----
Stealth        | 3 4 5 |  5.9
Fighting       | 1 2 3 |  3.8
Dodging        | 3 4 |  4.9
Evocations     | 1 2 3 4 |  4.0
Summonings     | 5 6 |  6.6
Spellcasting   | 3 4 |  4.1

Action                   |  1- 3 |  4- 6 |  7- 9 || total
-------------------------+-------+-------+-------++-------
Melee: Mace              |    51 |       |       ||    51
       Unarmed           |     1 |       |       ||     1
       Staff             |    12 |   146 |       ||   158
       Dagger            |       |   113 |   146 ||   259
       Punch             |       |     1 |     1 ||     2
 Cast: Summon Small Mamm |     1 |     1 |       ||     2
       Call Imp          |    14 |    18 |    17 ||    49
       Call Canine Famil |       |       |    19 ||    19
Evoke: Wand              |       |     1 |       ||     1
 Stab: Sleeping          |    13 |    18 |     4 ||    35
       Distracted        |       |       |     2 ||     2
Armor: Robe              |     6 |    33 |       ||    39
       Leather armour    |       |    26 |    18 ||    44
Dodge: Dodged            |    62 |   206 |   116 ||   384

Table legend: (Time is in decaauts)
 A = Elapsed time spent in this place.
 B = Non-inter-level travel time spent in this place.
 C = Inter-level travel time spent in this place.
 D = Time resting spent in this place.
 E = Time spent auto-exploring this place.
 F = Levels seen in this place.
 G = Mean time per level.
                   A        B        C        D        E       F      G
               +--------+--------+--------+--------+--------+-----+--------+
         Total |   8581 |   8382 |    199 |      0 |   6634 |   5 | 1716.2 |
       Dungeon |   8581 |   8382 |    199 |      0 |   6634 |   5 | 1716.2 |
               +--------+--------+--------+--------+--------+-----+--------+

Top non-repeatable levels by time:
     D:4: 3118 daAuts
     D:1: 1881 daAuts
     D:2: 1846 daAuts
     D:3: 1233 daAuts
     D:5: 501 daAuts
